 Dungeon Crawl Stone Soup version 0.26-a0-695-g987792ac36 (webtiles) character file.

Game seed: 9585208078155229049

884715 marklar909 the Axe Maniac (level 27, -16/243 HPs)
             Began as a Hill Orc Monk on Oct 25, 2020.
             Was a High Priest of Qazlal.
             Killed from afar by a hellion (30 damage)
             ... with damnation
             ... summoned by Asmodeus
             ... on level 7 of Gehenna on Oct 26, 2020.
             The game lasted 04:15:15 (109647 turns).

marklar909 the Axe Maniac (Hill Orc Monk)         Turns: 109647, Time: 04:15:16

Health: -16/243    AC: 45    Str: 25    XL:     27
Magic:  0/35       EV: 20    Int:  8    God:    Qazlal [*****.]
Gold:   5923       SH: 36    Dex: 14    Spells: 28/42 levels left

rFire    + + +     SeeInvis +   a - +9 broad axe (vorpal)
rCold    + . .     Faith    .   g - +4 tower shield
rNeg     + + +     Spirit   +   j - +9 plate armour of the Tortoise {rF++ Int-5}
rPois    +         Reflect  .   x - +3 crown of Dyrovepreva {rElec Int+2 SInv}
rElec    +         Harm     .   X - +2 cloak {MR+}
rCorr    +         Rampage  .   P - +2 pair of gloves
MR       +++..                  L - +2 pair of boots
Stlth    ..........             F - amulet "Ora Xaac" {Spirit rC+ rN++}
HPRegen  0.50/turn              I - ring "Cunetzia" {+Inv rPois rF+ EV+4 Slay+3}
MPRegen  0.24/turn              N - ring of Generosity {rN+ rCorr}

@: mighty, about to teleport, protected from physical damage, hasted (expiring),
studying Ice Magic, repel missiles, very quick
A: blink, frail 1, low mp 1, sense surroundings 1, wild magic 1
}: 5/15 runes: decaying, serpentine, slimy, silver, abyssal
a: Blink, Upheaval, Elemental Force, Disaster Area, Renounce Religion, Evoke
Invisibility


You were on level 7 of Gehenna.
You worshipped Qazlal.
Qazlal was extremely pleased with you.
You visited 13 branches of the dungeon, and saw 65 of its levels.
You visited the Abyss 3 times.
You visited 1 bazaar.
You visited 1 ziggurat, and saw 12 of its levels.
You also visited: Sewer, Ice Cave and Wizlab.

You collected 13054 gold pieces.
You spent 7131 gold pieces at shops.

Inventory:

Hand Weapons
 a - a +9 vorpal broad axe (weapon)
 b - the +12 hand crossbow of Youthful Indiscretion {flame, Int+3}
   (You found it on level 3 of the Elven Halls)

   It causes projectiles fired from it to burn those they strike, causing extra
   injury to most foes and up to half again as much damage against particularly
   susceptible opponents.
   It affects your intelligence (+3).
 c - the +7 battleaxe "Mutuk" {antimagic, +Fly}
   (You bought it in a shop on level 3 of the Vaults)

   It reduces the magical energy of the wielder, and disrupts the spells and
   magical abilities of those hit.
   Natural abilities and divine invocations are not affected.
   It lets you fly.
Missiles
 v - 1792 bolts
Armour
 d - the +1 scale mail of Decompression {rPois Str-4 Int+7 Dex+8, unknown}
   (You found it on level 7 of Gehenna)

   It affects your strength (-4).
   It affects your intelligence (+7).
   It affects your dexterity (+8).
   It protects you from poison.
 g - a +4 tower shield (worn)
 j - the +9 plate armour of the Tortoise (worn) {rF++ Int-5}
   (You found it on level 11 of the Dungeon)

   It affects your intelligence (-5).
   It greatly protects you from fire.
 x - the +3 crown of Dyrovepreva (worn) {rElec Int+2 SInv}
   (You found it on level 1 of the Depths)

   It affects your intelligence (+2).
   It insulates you from electricity.
   It lets you see invisible.
 L - a +2 pair of boots (worn)
 P - a +2 pair of gloves (worn)
 X - a +2 cloak of magic resistance (worn)
Jewellery
 F - the amulet "Ora Xaac" (around neck) {Spirit rC+ rN++}
   (You found it on level 3 of the Elven Halls)

   [amulet of guardian spirit]

   It causes incoming damage to be split between your health and magic.
   It protects you from cold.
   It greatly protects you from negative energy.
 I - the ring "Cunetzia" (left hand) {+Inv rPois rF+ EV+4 Slay+3}
   (You bought it in a shop in a bazaar)

   [ring of evasion]

   It affects your evasion (+4).
   It affects your accuracy and damage with ranged weapons and melee attacks
   (+3).
   It protects you from fire.
   It protects you from poison.
   It lets you turn invisible.
 N - the ring of Generosity (right hand) {rN+ rCorr}
   (You found it on level 12 of a ziggurat)

   [ring of resist corrosion]

   It protects you from negative energy.
   It provides partial protection from all sources of acid and corrosion.
Wands
 C - a wand of acid (86)
 K - a wand of digging (34)
Scrolls
 e - 32 scrolls of remove curse
 h - 6 scrolls of holy word
 p - 9 scrolls of blinking
 s - 9 scrolls of identify
 E - 7 scrolls of fog
 M - 6 scrolls of magic mapping
 R - 33 scrolls of teleportation
 S - 3 scrolls of silence
 U - 3 scrolls of summoning
Potions
 f - 8 potions of brilliance
 i - 9 potions of curing
 m - 12 potions of flight
 n - 8 potions of might
 o - 5 potions of resistance
 r - 7 potions of haste
 z - 12 potions of lignification
 G - 5 potions of cancellation
 J - 6 potions of mutation
 O - a potion of magic
 Q - 3 potions of ambrosia
Books
 H - a manual of Ice Magic
Miscellaneous
 y - a phantom mirror
 V - a condenser vane (1/2)


   Skills:
 + Level 26.7 Fighting
   Level 1.5 Long Blades
 O Level 27 Axes
   Level 1.7(16.2) Maces & Flails
 * Level 17.4 Crossbows
 + Level 1.6 Throwing
 * Level 20.1 Armour
 * Level 15.8 Dodging
 - Level 2.0 Stealth
 + Level 25.0 Shields
 + Level 2.0 Unarmed Combat
 * Level 8.0 Spellcasting
 * Level 11.2 Hexes
 + Level 8.2 Translocations
 * Level 10.3 Transmutations
 + Level 11.1 Ice Magic
 * Level 12.7 Earth Magic
 * Level 25.4 Invocations
 + Level 7.9 Evocations


You had 28 spell levels left.
You knew the following spells:

 Your Spells              Type           Power        Failure   Level
a - Statue Form           Tmut/Erth      ####.....    86%         6
b - Frozen Ramparts       Ice            ####..       5%          3
c - Portal Projectile     Hex/Tloc       ###...       9%          3
d - Blink                 Tloc           N/A          8%          2

Your spell library contained the following spells:

 Spells                   Type           Power        Failure   Level
 Corona                   Hex            ####...      2%          1
 Freeze                   Ice            ####         2%          1
 Passwall                 Tmut/Erth      ####....     2%          2
 Ensorcelled Hibernation  Hex/Ice        ####..       3%          2
 Slow                     Hex            ####....     3%          2
 Apportation              Tloc           ###...       5%          1
 Confusing Touch          Hex            ####....     5%          3
 Ozocubu's Armour         Ice            ####....     5%          3
 Tukima's Dance           Hex            ####....     5%          3
 Leda's Liquefaction      Hex/Erth       ####......   12%         4
 Petrify                  Tmut/Erth      ####....     13%         4
 Gell's Gravitas          Tloc           ###.......   14%         3
 Lesser Beckoning         Tloc           ###.......   14%         3
 Teleport Other           Tloc           ###.....     14%         3
 Cause Fear               Hex            ####......   14%         4
 Sting                    Tmut/Pois      ##..         17%         1
 Ice Form                 Ice/Tmut       ####....     17%         4
 Metabolic Englaciation   Hex/Ice        ####......   36%         5
 Dazzling Flash           Conj/Hex       ###...       38%         3
 Inner Flame              Hex/Fire       ###.....     38%         3
 Summon Guardian Golem    Hex/Summ       ###.....     38%         3
 Passage of Golubria      Tloc           N/A          41%         4
 Yara's Violent Unravell  Hex/Tmut       ####......   41%         5
 Spider Form              Tmut/Pois      ##........   43%         3
 Ignite Poison            Fire/Tmut/Pois ##......     67%         3
 Animate Skeleton         Necr           #.....       77%         1
 Foxfire                  Conj/Fire      #...         77%         1
 Magic Dart               Conj           #...         77%         1
 Pain                     Necr           #...         77%         1
 Shock                    Conj/Air       #...         77%         1
 Summon Small Mammal      Summ           #...         77%         1
 Fulminant Prism          Conj/Hex       ###.......   77%         4
 Hailstorm                Conj/Ice       ###.....     78%         4
 Summon Ice Beast         Ice/Summ       ###.....     78%         4
 Call Imp                 Summ           #.......     88%         2
 Corpse Rot               Necr/Air       N/A          88%         2
 Poisonous Vapours        Pois/Air       #.....       88%         2
 Searing Ray              Conj           #.....       88%         2
 Sublimation of Blood     Necr           #.........   88%         2
 Swiftness                Air            #.......     88%         2
 Invisibility             Hex            ####....     88%         6
 Iskenderun's Mystic Bla  Conj/Tloc      ##......     92%         4
 Borgnjor's Vile Clutch   Necr/Erth      ###.......   94%         5
 Hydra Form               Tmut           ####......   95%         6
 Silence                  Hex/Air        ###.......   97%         5
 Summon Mana Viper        Hex/Summ       ###.....     97%         5
 Call Canine Familiar     Summ           #.......     98%         3
 Conjure Flame            Conj/Fire      #.......     98%         3
 Mephitic Cloud           Conj/Pois/Air  #.......     98%         3
 Static Discharge         Conj/Air       #.......     98%         3
 Vampiric Draining        Necr           #.........   98%         3
 Alistair's Intoxication  Tmut/Pois      ##.......    98%         5
 Irradiate                Conj/Tmut      ##........   98%         5
 Bolt of Magma            Conj/Fire/Erth ##........   99%         5
 Summon Forest            Summ/Tloc      ##........   99%         5
 Airstrike                Air            #.........   100%        4
 Animate Dead             Necr           #.........   100%        4
 Dispel Undead            Necr           #.......     100%        4
 Olgreb's Toxic Radiance  Pois           #.......     100%        4
 Summon Lightning Spire   Summ/Air       #.......     100%        4
 Agony                    Necr           #.......     100%        5
 Excruciating Wounds      Necr           #.........   100%        5
 Fireball                 Conj/Fire      #.........   100%        5
 Iskenderun's Battlesphe  Conj           #.......     100%        5
 Lightning Bolt           Conj/Air       #.........   100%        5
 Summon Demon             Summ           #.........   100%        5
 Conjure Ball Lightning   Conj/Air       #.........   100%        6
 Death Channel            Necr           #.........   100%        6
 Eringya's Noxious Bog    Tmut/Pois      ##........   100%        6
 Iron Shot                Conj/Erth      ###.......   100%        6
 Shadow Creatures         Summ           N/A          100%        6
 Simulacrum               Ice/Necr       ###.......   100%        6
 Starburst                Conj/Fire      #.........   100%        6
 Dragon Form              Tmut           ####......   100%        7
 Malign Gateway           Summ/Tloc      ##........   100%        7
 Monstrous Menagerie      Summ           #.........   100%        7
 Orb of Destruction       Conj           #.........   100%        7
 Spellforged Servitor     Conj/Summ      #.........   100%        7
 Summon Greater Demon     Summ           #.........   100%        7
 Summon Hydra             Summ           #.........   100%        7
 Borgnjor's Revivificati  Necr           #.........   100%        8
 Ignition                 Fire           #.........   100%        8
 Lehudib's Crystal Spear  Conj/Erth      ###.......   100%        8
 Summon Horrible Things   Summ           #.........   100%        8
 Dragon's Call            Summ           #.........   100%        9
 Shatter                  Erth           ####......   100%        9
 Tornado                  Air            #.........   100%        9


Dungeon Overview and Level Annotations

Branches:
Dungeon (15/15)            Temple (0/1) D:6            Lair (6/6) D:9
  Swamp (4/4) Lair:2        Snake (4/4) Lair:4        Slime (5/5) Lair:5
    Orc (2/2) D:12            Elf (3/3) Orc:2        Vaults (5/5) D:14
  Crypt (3/3) Vaults:3       Tomb (0/3) Crypt:3      Depths (5/5) D:15
   Hell (visited)             Dis (0/7) Hell            Geh (7/7) Hell
    Coc (0/7) Hell            Tar (0/7) Hell            Zot (5/5) Depths:5
  Sewer (visited)           IceCv (visited)          WizLab (visited)

Altars:
Ashenzari
Dithmenos
Fedhas
Gozag
Hepliaklqana
Kikubaaqudgha
Makhleb
Nemelex Xobeh
Qazlal
Trog
Vehumet
Wu Jian
Xom
Yredelemnul
The Shining One
Beogh
Jiyva

Shops:
D:9 [   Orc:2 :=(*}?   Elf:2 =}=   Elf:3 ?   Snake:4 [   Vaults:1 *:
Vaults:2 (   Vaults:3 (   Depths:1 *   Depths:4 :?

Portals:
Hell: Depths:1 Depths:2 Depths:3 Depths:4 Depths:5
Abyss: Depths:4
Pandemonium: Depths:3
Trove: Depths:4 (give 13 potions of heal wounds)

Annotations:
D:5 2 runed translucent doors
D:7 2 transporters, Thatotherguy's ghost, novice OgCj
Elf:2 5 runed translucent doors
Depths:3 1 exclusion
Geh:7 Asmodeus
Zot:1 2 transporters


Innate Abilities, Weirdness & Mutations

You can translocate small distances at will.
You are frail. (-10% HP)
Your magical capacity is low. (-10% MP)
You passively map a small area around you.
Your spells are a little harder to cast, but a little more powerful.


Message History

The damnation engulfs Asmodeus.
Asmodeus completely resists.
Unknown command.
You feel better.
Asmodeus shouts, "Fly, thou errant earth-vexing swadder!"
You feel better.
Asmodeus gestures.
Unknown command.
You slice Asmodeus!!
Asmodeus is almost dead.
You slash the Brimstone Fiend!
Asmodeus hits you with the +7 sceptre of Asmodeus!
* * * LOW HITPOINT WARNING * * *
You feel protected from physical attacks.
Unknown command.
As you read the scroll of teleportation, it crumbles to dust.
You feel strangely unstable.
Your extra speed is starting to run out.
The hellion gestures at you.
The sphere of damnation explodes!
The damnation engulfs you!!
You die...

******''**''************ #.....§≈
+**,,,,,**,,,,,**',,,,,* #.....≈≈
++,,,,,,**,,,,,,''',,,,* #......§
',,,,,,,**,,,,,,,'**,,,* #......§
*********************,,* #.......
######## ###########'.* #.......
.......# #...○...##'''* #......≈
.8....'####..§§.8.##.'#* #.......
.....'''.....°§°@1##..## #.......
....##'.|)..##§2&§##...# ##......
...############○○°##...#####^....
..'##*********#..2##...''####....
.'''#*,,,,,,**....##...''.####...
##'.#*,,,,,≈*#..####...##))####'.
#:.#*,,,,,,'...# #...##).)'.)'.
#[.#*,,,,,,....# #...##)))'.)'.
##'.#*,,,,,.##≈≈#**#...##))####'.


You could see Asmodeus (clouds), a Brimstone Fiend (summoned) and 2 hellions.

Vanquished Creatures
  the Royal Jelly (Slime:5)
  10 orbs of fire
  A juggernaut (Depths:3)
  3 ancient liches
  2 greater mummies (Zig:6)
  Boris (thrice) (Vaults:4 Depths:5 Vaults:5)
  4 Killer Klowns
  Xtahua (Vaults:4)
  3 caustic shrikes (Depths:4)
  Geryon (Hell)
  2 curse toes
  A profane servitor (Abyss:3)
  9 golden dragons
  4 bone dragons
  16 Brimstone Fiends
  2 hellephants
  Jorgrun (D:13)
  17 tentacled monstrosities
  4 electric golems
  A moon troll (WizLab)
  An Ice Fiend (Zig:9)
  A Hell Sentinel (Zig:7)
  15 liches
  24 Orb Guardians (Zot:5)
  Asterion (Elf:2)
  12 quicksilver dragons
  5 deep elf blademasters (Elf:3)
  4 titans
  4 deep elf master archers (Elf:3)
  The ghost of pkoi the Fencer, an adept MiFi of Okawaru (Elf:3)
  21 acid blobs
  13 shadow dragons
  14 ancient champions
  2 thorn hunters
  6 sphinxes
  13 death cobs
  16 storm dragons
  The ghost of Pajeoledgh the Peltast, an adept DDFi of Makhleb (Swamp:2)
  12 tentacled starspawn
  An eldritch tentacle (Zot:5)
  Agnes (Elf:2)
  A tengu reaver (Depths:3)
  The ghost of Melum the Brawler, an adept DrTm of Fedhas (Swamp:2)
  9 fire giants
  5 revenants
  The ghost of Ypsiuj the Thaumaturge, an adept GnSk of Makhleb (Swamp:2)
  14 azure jellies
  9 nagarajas
  5 draconian monks
  3 iron dragons
  18 vault wardens
  13 deep elf sorcerers
  Aizul (Snake:3)
  7 draconian scorchers
  3 draconian knights
  7 frost giants
  2 ghost moths
  5 draconian shifters
  6 cacodemons
  A juggernaut zombie (Depths:4)
  A caustic shrike zombie (Depths:4)
  Louise (D:14)
  5 curse skulls
  18 balrugs
  An angel (Abyss:1)
  17 reapers
  6 ghouls
  3 spriggan defenders
  5 deep elf elementalists
  13 ironheart preservers
  4 draconian stormcallers
  4 war gargoyles
  29 stone giants
  6 draconian annihilators
  4 entropy weavers
  41 very ugly things
  10 vampire knights
  21 green draconians
  7 black draconians
  An ophan (Abyss:3)
  Azrael (D:15)
  A dire elephant (Lair:6)
  8 deep elf demonologists
  13 red draconians
  13 white draconians
  11 deep elf annihilators
  11 purple draconians
  18 yellow draconians
  2 green deaths
  7 spark wasps
  A lorocyproca (Depths:1)
  12 eidola
  A crystal guardian (Zig:7)
  4 blizzard demons
  12 fire dragons
  A mummy priest (Zig:6)
  23 jiangshi
  14 ettins
  8 deep elf death magi
  7 yaktaur captains
  Fannar (D:12)
  3 quicksilver dragon skeletons
  5 quicksilver dragon zombies
  3 deep elf high priests
  15 naga warriors
  10 death oozes
  17 great orbs of eyes
  5 ghost crabs
  10 ice dragons
  4 rakshasas
  A kraken zombie (Hell)
  Harold (D:14)
  A hell beast (Depths:3)
  Erolcha (D:11)
  7 boulder beetles
  21 hydras
  An ice dragon (shapeshifter) (Depths:2)
  27 vault guards (Vaults:5)
  4 catoblepae
  A juggernaut simulacrum (Depths:3)
  3 spriggan air magi
  4 shambling mangroves
  4 death knights
  13 death yaks
  16 dancing weapons
  2 anacondas
  54 two-headed ogres
  6 centaur warriors
  The ghost of mandarbmax the Nimble, a journeyman SpVM of Kikubaaqudgha (Orc:2)
  15 ogre magi
  10 deep troll shamans
  8 alligators
  11 vampire magi
  7 tengu warriors
  7 orc high priests
  7 shock serpents
  42 hell hogs
  5 spriggan berserkers
  3 titan zombies
  15 thrashing horrors
  16 deep troll earth magi
  20 naga sharpshooters
  5 spriggans
  6 storm dragon zombies
  6 soul eaters
  Urug (D:14)
  Nergalle (D:11)
  3 iron golems
  14 wretched stars
  33 skeletal warriors
  22 deep elf knights
  9 shadow wraiths
  21 sun demons
  7 titan skeletons
  2 iron trolls
  4 storm dragon skeletons
  A salamander mystic (Snake:2)
  4 sixfirhies
  2 unseen horrors
  34 deep trolls
  67 hell knights
  3 golden dragon zombies
  12 glowing orange brains
  15 flayed ghosts
  A shadow demon (Abyss:3)
  An orange crystal statue (WizLab)
  27 deep elf archers
  3 anaconda zombies
  A tengu zombie (Depths:1)
  5 wizards
  A sea snake (shapeshifter) (Depths:5)
  A deep troll (shapeshifter) (Depths:2)
  A spriggan druid (Zig:10)
  14 ironbrand convokers
  5 shadow dragon zombies
  5 naga ritualists (Snake:4)
  An obsidian statue (Vaults:4)
  8 swamp dragons
  17 phantasmal warriors
  4 ghost moth zombies
  11 orc knights
  2 lindwurms
  3 anaconda skeletons
  A harpy (shapeshifter) (Vaults:4)
  2 wolf spider zombies
  21 necromancers
  4 iron dragon zombies
  A golden dragon skeleton (Geh:7)
  3 orc sorcerers
  3 mana vipers
  6 shadow dragon skeletons
  7 frost giant zombies
  6 stone giant zombies
  7 manticores
  82 deep elf magi
  3 shining eyes (Slime:5)
  A wolf spider (shapeshifter) (Vaults:2)
  A fire giant zombie (Geh:2)
  2 wolf spiders
  A sphinx skeleton (Depths:4)
  12 salamanders
  6 worldbinders
  An iron dragon skeleton (Geh:2)
  47 ugly things
  A moth of wrath (shapeshifter) (Vaults:5)
  22 elephants
  7 cyclopes
  5 guardian serpents
  A salamander (shapeshifter) (Depths:1)
  A shining eye (shapeshifter) (Depths:3)
  9 rust devils
  29 moths of wrath
  An elephant (shapeshifter) (Vaults:3)
  27 black mambas
  9 stone giant skeletons
  2 shock serpent zombies
  11 eyes of devastation
  15 smoke demons
  6 frost giant skeletons
  A guardian serpent (shapeshifter) (Vaults:4)
  A dire elephant zombie (Crypt:2)
  3 fire giant skeletons
  3 ice statues
  8 molten gargoyles (Geh:7)
  14 vault sentinels
  A cane toad (shapeshifter) (Depths:5)
  5 orange demons
  22 cane toads
  An apocalypse crab (Abyss:3)
  24 naga magi
  4 centaur zombies
  2 gargoyles
  A shock serpent skeleton (Geh:1)
  44 yaktaurs
  2 kobold demonologists
  2 dire elephant skeletons (Geh:2)
  4 rime drakes
  2 emperor scorpion zombies (Geh:1)
  6 efreet
  A white draconian zombie (Crypt:1)
  8 torpor snails
  Maggie (Lair:1)
  A catoblepas zombie (Geh:2)
  34 hellions
  A komodo dragon (shapeshifter) (Vaults:5)
  9 komodo dragons
  A black draconian zombie (Crypt:3)
  A spriggan skeleton (Depths:3)
  3 spriggan zombies
  3 tengu conjurers
  8 ancient zymes
  12 freezing wraiths
  13 ice devils
  38 red devils
  A black draconian skeleton (Crypt:2)
  2 hydra zombies (Hell)
  5 meliai (Abyss:4)
  An elf skeleton (Depths:4)
  3 guardian mummies
  6 hellwings
  A white draconian skeleton (Crypt:2)
  A queen bee (Abyss:4)
  12 tormentors
  A jumping spider (shapeshifter) (Elf:1)
  A merfolk (shapeshifter) (Vaults:4)
  2 harpy zombies
  A shadow dragon simulacrum (Vaults:4)
  A queen bee (shapeshifter) (Elf:2)
  A silent spectre (Orc:1)
  3 polar bears
  7 trolls
  A tengu simulacrum (Vaults:4)
  2 alligator zombies
  16 blink frogs
  2 harpy skeletons
  96 slime creatures
  20 tyrant leeches
  12 raiju
  3 fire dragon zombies
  21 hornets
  6 hydra skeletons
  3 ice dragon zombies
  25 large abominations
  A stone giant simulacrum (Vaults:3)
  16 bog bodies
  2 ettin zombies
  2 dream sheep (shapeshifter)
  2 dream sheep (Lair:6)
  A blink frog (shapeshifter) (Vaults:1)
  A fire giant simulacrum (Vaults:1)
  22 small abominations
  2 frost giant simulacra (Depths:1)
  A black mamba zombie (Geh:3)
  73 flying skulls
  A deep troll skeleton (Depths:1)
  19 shadows
  A tarantella (shapeshifter) (Vaults:5)
  A redback (shapeshifter) (D:11)
  4 vampires
  3 air elementals
  64 starcursed masses
  3 ettin skeletons
  5 ice dragon skeletons
  9 wyverns
  An ushabti (Zig:6)
  12 water elementals
  33 wraiths
  6 ynoxinuls
  5 basilisks
  2 black mamba skeletons
  33 fire elementals
  9 fire dragon skeletons
  2 chaos spawn
  8 fire bats
  A golden eye (shapeshifter) (Vaults:4)
  43 yaks
  6 neqoxecs
  9 golden eyes
  19 vampire mosquitoes
  A minotaur simulacrum (Crypt:3)
  An emperor scorpion simulacrum (Crypt:3)
  Menkaure (D:7)
  24 insubstantial wisps
  16 swamp worms
  4 hydra simulacra
  10 wargs
  43 nagas
  A glowing shapeshifter zombie (Crypt:3)
  15 water moccasins
  An orb spider zombie (Crypt:3)
  63 hell hounds
  6 acid dragons
  A merfolk skeleton (Geh:2)
  A floating eye (shapeshifter) (Vaults:5)
  3 human skeletons
  A gelid demonspawn skeleton (Crypt:2)
  16 swamp drakes
  2 cane toad skeletons
  39 orc warriors
  2 spriggan simulacra (Depths:1)
  5 black bears
  An ettin simulacrum (Crypt:3)
  A snapping turtle zombie (Geh:2)
  5 ice beasts
  7 phantoms
  3 sky beasts
  A swamp dragon zombie (Geh:4)
  15 necrophages
  A deep troll simulacrum (Depths:1)
  2 manticore zombies
  A dream sheep zombie (Crypt:1)
  11 eyes of draining
  42 ogres
  5 boggarts (Vaults:1)
  5 wolves
  9 centaurs
  A manticore skeleton (Geh:3)
  A snapping turtle skeleton (Geh:5)
  A big kobold (shapeshifter) (Vaults:3)
  5 big kobolds
  An elf zombie (Geh:6)
  A rime drake skeleton (Crypt:2)
  3 earth elementals (Elf:3)
  14 bullfrogs
  A glowing shapeshifter simulacrum (Vaults:3)
  2 cane toad simulacra (Hell)
  A palentonga skeleton (Crypt:1)
  A komodo dragon skeleton (Crypt:2)
  5 scorpions
  A water moccasin zombie (D:8)
  A troll zombie (Geh:2)
  4 howler monkeys
  69 wights
  An electric eel (D:14)
  2 bullfrog zombies (D:9)
  8 crimson imps
  3 quasits
  A soldier ant zombie (Crypt:2)
  A hound (shapeshifter) (Vaults:1)
  3 centaur skeletons
  3 hounds
  41 orc priests
  Crazy Yiuf (D:3)
  A bullfrog skeleton (D:11)
  3 jellies
  5 iron imps
  5 iguanas
  7 hell rats
  11 worker ants
  18 orc wizards
  A killer bee zombie (Crypt:1)
  3 tengu skeletons
  17 mummies
  A naga skeleton (Crypt:3)
  A hound skeleton (Crypt:3)
  Robin (D:1)
  A howler monkey skeleton (D:6)
  11 adders
  3 gnolls (D:4)
  A scorpion zombie (Crypt:3)
  5 river rats (Sewer)
  A steam dragon zombie (Crypt:1)
  14 white imps
  13 ufetubi
  An ooze (Sewer)
  3 adder skeletons (D:4)
  An adder zombie (D:5)
  4 worms
  A worm (shapeshifter) (D:13)
  2 barachi skeletons (Crypt:1)
  A dart slug (D:1)
  8 leopard geckos
  98 orcs
  5 ball pythons
  6 bats
  A bat zombie (D:4)
  11 giant cockroaches
  22 goblins
  11 hobgoblins
  15 jackals
  2 quokkas
  11 frilled lizards
  38 kobolds
  2 kobold skeletons (Geh:7)
  2 quokka skeletons (D:6)
  24 rats
  5 rat zombies (D:4)
  A river rat zombie (Crypt:1)
  40 briar patches
  3 crawling corpses (Vaults:5)
  3 lurking horrors
  18 starspawn tentacles
  3 tentacles (Hell)
3851 creatures vanquished.

Vanquished Creatures (collateral kills)
  A shard shrike (Zig:9)
  A draconian annihilator (Zot:5)
  A reaper (IceCv)
  A hydra (D:14)
  An ice dragon (Zig:9)
  An unseen horror (D:14)
  A shining eye (Slime:5)
  A troll (D:14)
  2 yaks (D:14)
10 creatures vanquished.

Vanquished Creatures (others)
  An ancient lich (Zot:5)
  An Orb Guardian (Zot:5)
  A thorn hunter (Zig:11)
  A shadow dragon (Depths:4)
  A war gargoyle (Zig:7)
  A centaur warrior (D:14)
  A hydra (Zig:11)
  An alligator (Zig:11)
  2 hell hogs
  A fire crab (D:14)
  2 deep elf magi
  4 elephants (Lair:5)
  A hornet (Swamp:3)
  A troll (Orc:1)
  An ice dragon zombie (Geh:7)
  3 flying skulls
  A wraith (Geh:3)
  A golden eye (shapeshifter) (Elf:3)
  A chaos spawn (Abyss:3)
  A naga (Snake:4)
  A cane toad zombie (Hell)
  A small abomination (Abyss:3)
  5 wights
  An orc wizard (D:14)
  A naga skeleton (Geh:2)
  4 white imps (IceCv)
  2 ufetubi (IceCv)
  A kobold (D:11)
  6 briar patches
  8 demonic plants (WizLab)
  36 fungi
  A lurking horror (Abyss:2)
  67 plants
  19 starspawn tentacles
  5 tentacles (Hell)
  4 withered plants (Swamp:2)
189 creatures vanquished.

Grand Total: 4050 creatures vanquished

Notes
Turn   | Place    | Note
-------+----------+-------------------------------------------
     0 | D:1      | marklar909 the Hill Orc Monk began the quest for the Orb.
     0 | D:1      | Reached XP level 1. HP: 19/19 MP: 1/1
   143 | D:1      | Reached XP level 2. HP: 23/27 MP: 2/2
   472 | D:1      | Reached XP level 3. HP: 27/33 MP: 3/3
  1056 | D:2      | Identified the -1 helmet "Rereedwut" {rPois}
  1056 | D:2      | Noticed Robin
  1282 | D:1      | Killed Robin
  1282 | D:1      | Reached skill level 5 in Axes
  1282 | D:1      | Reached XP level 4. HP: 31/40 MP: 4/4
  2599 | D:3      | Noticed an ogre
  2607 | D:3      | Killed an ogre
  2607 | D:3      | Reached skill level 6 in Axes
  2607 | D:3      | Reached XP level 5. HP: 33/47 MP: 5/5
  2730 | D:3      | Reached skill level 1 in Armour
  2747 | D:3      | Found a glowing drain.
  2751 | Sewer    | Entered a sewer
  2999 | Sewer    | Noticed a big kobold
  3013 | Sewer    | Killed a big kobold
  3013 | Sewer    | Reached XP level 6. HP: 53/53 MP: 6/6
  3062 | Sewer    | Reached skill level 7 in Axes
  3552 | Sewer    | Reached skill level 5 in Fighting
  3552 | Sewer    | Reached XP level 7. HP: 43/61 MP: 7/7
  4300 | D:3      | Found a stormy altar of Qazlal.
  4330 | D:3      | Found a burning altar of Makhleb.
  4656 | D:3      | Became a worshipper of Qazlal Stormbringer
  4656 | D:3      | Reached * piety under Qazlal
  4656 | D:3      | Reached ** piety under Qazlal
  4845 | D:3      | Found a runed translucent door.
  4846 | D:3      | Noticed Crazy Yiuf
  4852 | D:3      | Killed Crazy Yiuf
  4852 | D:3      | Reached skill level 8 in Axes
  5150 | D:4      | Found a broken altar of Ashenzari.
  5237 | D:4      | Reached skill level 9 in Axes
  5547 | D:4      | Found an ancient bone altar of Kikubaaqudgha.
  5723 | D:5      | Entered Level 5 of the Dungeon
  5735 | D:5      | Reached XP level 8. HP: 57/70 MP: 8/8
  5879 | D:5      | Reached *** piety under Qazlal
  5992 | D:5      | Reached skill level 10 in Axes
  5992 | D:5      | Reached skill level 1 in Invocations
  6554 | D:5      | Found a runed translucent door.
  6579 | D:5      | Found a runed translucent door.
  6924 | D:6      | Found a staircase to the Ecumenical Temple.
  7209 | D:6      | Found a blossoming altar of Fedhas.
  8258 | D:7      | Reached skill level 11 in Axes
  8258 | D:7      | Reached XP level 9. HP: 71/78 MP: 11/11
  8450 | D:7      | Noticed Menkaure
  8455 | D:7      | Killed Menkaure
  8863 | D:7      | Found a transporter.
  8867 | D:7      | Noticed Thatotherguy's ghost (novice OgCj)
  8871 | D:7      | Noticed a moth of wrath
  8881 | D:7      | Found a transporter.
  8905 | D:7      | Found a glowing golden altar of the Shining One.
  8915 | D:7      | Found a broken altar of Ashenzari.
  9254 | D:8      | Noticed a two-headed ogre
  9259 | D:8      | Killed a two-headed ogre
  9259 | D:8      | Reached skill level 12 in Axes
  9477 | D:8      | Found a bloodstained altar of Trog.
  9529 | D:8      | Reached skill level 5 in Invocations
 10045 | D:8      | Reached XP level 10. HP: 85/88 MP: 14/14
 10055 | D:8      | Reached skill level 13 in Axes
 10303 | D:8      | Found a hazy altar of Hepliaklqana.
 10506 | D:9      | Found an ornate altar of the Wu Jian Council.
 10538 | D:9      | Found a radiant altar of Vehumet.
 10594 | D:9      | Noticed a death yak
 10596 | D:9      | Reached **** piety under Qazlal
 10617 | D:9      | Killed a death yak
 10958 | D:9      | Reached skill level 14 in Axes
 10999 | D:9      | Found Moroxoh's Antique Armour Boutique.
 11006 | D:9      | Bought a pair of runed boots for 180 gold pieces
 11321 | D:9      | Found a staircase to the Lair.
 11809 | D:10     | Entered Level 10 of the Dungeon
 11899 | D:10     | Noticed a two-headed ogre
 11908 | D:10     | Killed a two-headed ogre
 11908 | D:10     | Reached skill level 5 in Dodging
 12167 | D:10     | Reached XP level 11. HP: 97/97 MP: 16/16
 12262 | D:10     | Reached skill level 5 in Armour
 12268 | D:10     | Reached skill level 15 in Axes
 12540 | D:10     | Got a distressingly furry leather armour
 12937 | D:11     | Reached ***** piety under Qazlal
 12951 | D:11     | Noticed a boulder beetle
 13541 | D:11     | Reached skill level 10 in Fighting
 13579 | D:11     | Killed a boulder beetle
 13751 | D:11     | Noticed Erolcha
 13755 | D:11     | Killed Erolcha
 13951 | D:11     | Noticed Nergalle
 13956 | D:11     | Noticed a boulder beetle
 13973 | D:11     | Killed Nergalle
 14083 | D:11     | Killed a boulder beetle
 14083 | D:11     | Reached skill level 16 in Axes
 14096 | D:11     | Got a faintly glowing plate armour
 14295 | D:11     | Noticed a two-headed ogre
 14302 | D:11     | Killed a two-headed ogre
 14471 | D:11     | Found a sparkling altar of Nemelex Xobeh.
 14646 | D:11     | Identified the +2 leather armour "Trusted Companion" {rF+
                  | rN+ SInv} (You found it on level 10 of the Dungeon)
 14647 | D:11     | Identified the +9 plate armour of the Tortoise {rF++ Int-5}
                  | (You found it on level 11 of the Dungeon)
 14776 | Lair:1   | Entered Level 1 of the Lair of Beasts
 14794 | Lair:1   | Reached XP level 12. HP: 105/108 MP: 17/17
 15100 | Lair:1   | Noticed Maggie
 15103 | Lair:1   | Killed Maggie
 15318 | Lair:1   | Noticed an eight-headed hydra
 15325 | Lair:1   | Killed an eight-headed hydra
 15325 | Lair:1   | Reached skill level 17 in Axes
 15562 | Lair:1   | Got an ancient helmet
 16257 | Lair:2   | Noticed a six-headed hydra
 16286 | Lair:2   | Killed a six-headed hydra
 16649 | Lair:2   | Found a staircase to the Swamp.
 16658 | Lair:2   | Noticed an eight-headed hydra
 16726 | Lair:2   | Killed an eight-headed hydra
 17011 | Lair:2   | Reached skill level 18 in Axes
 17033 | Lair:2   | Reached skill level 1 in Crossbows
 17033 | Lair:2   | Reached XP level 13. HP: 96/119 MP: 19/19
 20557 | Lair:4   | Found a staircase to the Snake Pit.
 21744 | Lair:4   | Reached XP level 14. HP: 73/130 MP: 20/20
 21933 | Lair:5   | Reached skill level 19 in Axes
 22676 | Lair:5   | Found a viscous altar of Jiyva.
 22676 | Lair:5   | Found a staircase to the Slime Pits.
 22927 | Lair:6   | Entered Level 6 of the Lair of Beasts
 23542 | Lair:5   | Reached skill level 5 in Crossbows
 24026 | Lair:6   | Reached skill level 15 in Fighting
 24179 | Lair:6   | Noticed a dire elephant
 24212 | Lair:6   | Killed a dire elephant
 24367 | Lair:6   | Found a runed translucent door.
 24660 | Lair:6   | Identified the Tome of the Ensnaring Mountains
 25109 | Lair:6   | Reached XP level 15. HP: 140/143 MP: 21/21
 25590 | Lair:6   | Reached skill level 20 in Axes
 25858 | Lair:6   | Got a faintly humming plate armour
 25865 | Lair:6   | Identified the +0 helmet of Ugeumn {rPois MR+} (You found
                  | it on level 1 of the Lair of Beasts)
 26128 | D:12     | Noticed Fannar
 26145 | D:12     | Killed Fannar
 26467 | D:12     | Found a burning altar of Makhleb.
 26558 | D:12     | Found a staircase to the Orcish Mines.
 26594 | D:12     | Reached skill level 1 in Shields
 27098 | Orc:1    | Entered Level 1 of the Orcish Mines
 27565 | Orc:1    | Found a transporter.
 27687 | Orc:1    | Found a bloodstained altar of Trog.
 27688 | Orc:1    | Found the cursed necklace of Bloodlust {*Rage +Rage MR++
                  | Int-3 Slay+6 *Curse}
 27717 | Orc:2    | Entered Level 2 of the Orcish Mines
 27802 | Orc:2    | Reached ****** piety under Qazlal
 27843 | Orc:2    | Found Piodoneam's Antique Weapon Emporium.
 29869 | Orc:2    | Found Qoostroi's Book Shoppe.
 29869 | Orc:2    | Found Sotaa's Jewellery Boutique.
 29884 | Orc:2    | Found a roughly hewn altar of Beogh.
 29939 | Orc:2    | Found Rokyof's Gadget Shoppe.
 29939 | Orc:2    | Found Meimn's Magic Scroll Boutique.
 29953 | Orc:2    | Bought a scroll of identify for 26 gold pieces
 29958 | Orc:2    | Found a staircase to the Elven Halls.
 30108 | Orc:2    | Found a runed translucent gate.
 30108 | Orc:2    | Found a runed translucent gate.
 30108 | Orc:2    | Found a runed translucent gate.
 30109 | Orc:2    | Found an opulent altar of Gozag.
 30109 | Orc:2    | Found Uju Azau's Assorted Antiques.
 30109 | Orc:2    | Noticed mandarbmax's ghost (journeyman SpVM)
 30253 | Orc:2    | Killed mandarbmax's ghost
 30303 | Orc:2    | Bought a scroll of identify for 58 gold pieces
 30572 | Orc:1    | Found a transporter.
 30576 | Orc:1    | Found a runed translucent door.
 30622 | Orc:1    | Noticed a deep elf elementalist
 31017 | Orc:1    | Reached skill level 1 in Evocations
 31019 | Orc:1    | Killed a deep elf elementalist
 31045 | Orc:1    | Noticed a deep elf elementalist
 31052 | Orc:1    | Noticed an Executioner
 31419 | Orc:1    | Noticed a Hell Sentinel
 31433 | Orc:1    | Reached skill level 5 in Shields
 31434 | Orc:1    | Killed a deep elf elementalist
 31511 | Orc:1    | Got a jewelled chain mail
 31778 | D:13     | Noticed Jorgrun
 31791 | D:13     | Killed Jorgrun
 31791 | D:13     | Reached XP level 16. HP: 141/155 MP: 8/22
 31840 | D:13     | Found a gate leading to a gauntlet.
 31984 | D:13     | Found a frozen archway.
 32003 | IceCv    | Entered an ice cave
 33249 | D:14     | Reached skill level 10 in Invocations
 33743 | D:14     | Found a gate to the Vaults.
 33818 | D:14     | Noticed Urug
 33821 | D:14     | Noticed Louise
 33836 | D:14     | Noticed Harold
 33846 | D:14     | Killed Urug
 33871 | D:14     | Killed Harold
 33877 | D:14     | Killed Louise
 34261 | D:14     | Identified the Grimoire of Heat and Hexes
 34744 | D:15     | Entered Level 15 of the Dungeon
 34891 | D:15     | Found a shadowy altar of Dithmenos.
 35032 | D:15     | Reached skill level 10 in Dodging
 35127 | D:15     | Reached skill level 21 in Axes
 35954 | D:15     | Found a staircase to the Depths.
 36032 | D:15     | Reached XP level 17. HP: 163/163 MP: 25/25
 36033 | D:15     | Noticed Azrael
 36046 | D:15     | Killed Azrael
 36366 | D:15     | Identified a scroll of acquirement
 36366 | D:15     | Acquired the ring "Hoeheot" {Wiz *Contam +Inv rElec Str+4}
 36380 | D:15     | Identified the cursed +1 chain mail of Duty {Int+4} (You
                  | found it on level 1 of the Orcish Mines)
 36524 | D:9      | Identified the cursed +1 plate armour "Nys Faow" {rPois
                  | rF++ Dex-4} (You found it on level 6 of the Lair of Beasts)
 36649 | Swamp:1  | Entered Level 1 of the Swamp
 37485 | Swamp:2  | Found a runed translucent gate.
 37485 | Swamp:2  | Found a runed translucent gate.
 37485 | Swamp:2  | Found a runed translucent gate.
 37486 | Swamp:2  | Noticed Melum's ghost (adept DrTm)
 37486 | Swamp:2  | Noticed Pajeoledgh's ghost (adept DDFi)
 37489 | Swamp:2  | Noticed Ypsiuj's ghost (adept GnSk)
 37718 | Swamp:2  | Found a shimmering altar of Xom.
 38156 | Swamp:2  | Reached skill level 10 in Shields
 38605 | Swamp:3  | Paralysed by a hornet for 3 turns
 39357 | Swamp:4  | Entered Level 4 of the Swamp
 40651 | Swamp:4  | Found the +3 salamander hide armour {Flames rF++ rC--}
 41406 | Swamp:4  | Reached skill level 1 in Maces & Flails
 41956 | Swamp:4  | Got a decaying rune of Zot
 42530 | Snake:1  | Entered Level 1 of the Snake Pit
 42671 | Snake:1  | Reached XP level 18. HP: 110/172 MP: 26/26
 43691 | Snake:2  | Found a blossoming altar of Fedhas.
 44006 | Snake:3  | Noticed Aizul
 44019 | Snake:3  | Killed Aizul
 44019 | Snake:3  | Reached skill level 5 in Evocations
 44547 | Snake:4  | Entered Level 4 of the Snake Pit
 45476 | Snake:4  | Reached skill level 22 in Axes
 45959 | Snake:4  | Reached XP level 19. HP: 144/182 MP: 27/27
 46109 | Snake:4  | Found Siyc's Antique Armour Shoppe.
 46487 | Snake:4  | Got a serpentine rune of Zot
 46956 | Elf:1    | Entered Level 1 of the Elven Halls
 48525 | Elf:2    | Noticed Asterion
 48533 | Elf:2    | Killed Asterion
 49239 | Elf:2    | Noticed Agnes
 49255 | Elf:2    | Killed Agnes
 49484 | Elf:2    | Found Eroequ's Jewellery Shoppe.
 49484 | Elf:2    | Found Selloego's Gadget Shop.
 49485 | Elf:2    | Found Wamm's Jewellery Shoppe.
 49547 | Elf:2    | Found a huge runed translucent gate.
 49547 | Elf:2    | Found a huge runed translucent gate.
 49547 | Elf:2    | Found a huge runed translucent gate.
 49551 | Elf:2    | Found a huge runed translucent gate.
 49551 | Elf:2    | Found a huge runed translucent gate.
 49870 | Elf:3    | Entered Level 3 of the Elven Halls
 50151 | Elf:3    | Found Geot's Magic Scroll Emporium.
 50155 | Elf:3    | Found a runed translucent door.
 50156 | Elf:3    | Noticed pkoi's ghost (adept MiFi)
 50249 | Elf:3    | Bought a scroll of enchant weapon for 105 gold pieces
 50629 | Elf:3    | Reached XP level 20. HP: 133/193 MP: 29/29
 51468 | Elf:3    | Noticed a Tzitzimitl
 51552 | Elf:2    | Reached skill level 23 in Axes
 52108 | Elf:3    | Identified Riapraru's Collected Works on Venomous
                  | Translocation
 52126 | Elf:3    | Got a vibrating bronze ring
 52836 | Elf:3    | Got a translucent ring mail
 52839 | Elf:3    | Got an ancient hand crossbow
 52868 | Elf:3    | Got a flickering bronze amulet
 52974 | Elf:3    | Killed pkoi's ghost
 53002 | Elf:3    | Bought 2 scrolls of acquirement for 1456 gold pieces
 53002 | Elf:3    | Bought a scroll of holy word for 105 gold pieces
 53246 | Elf:3    | Got a heavily runed ring mail
 53252 | Elf:3    | Identified the +5 ring mail of the Centipede {+Blink
                  | Regen+} (You found it on level 3 of the Elven Halls)
 53253 | Elf:3    | Identified the cursed +0 ring mail of Divine the Good {Harm
                  | +Fly rC- Stlth+} (You found it on level 3 of the Elven
                  | Halls)
 53268 | Elf:3    | Identified the amulet "Ora Xaac" {Spirit rC+ rN++} (You
                  | found it on level 3 of the Elven Halls)
 53270 | Elf:3    | Identified the ring "Geoshrut" {Wiz MR+ Int+4} (You found
                  | it on level 3 of the Elven Halls)
 53515 | D:9      | Identified the +12 hand crossbow of Youthful Indiscretion
                  | {flame, Int+3} (You found it on level 3 of the Elven Halls)
 53648 | Vaults:1 | Entered Level 1 of the Vaults
 53864 | Vaults:1 | Reached skill level 15 in Shields
 54057 | Vaults:1 | Found Menuaf's Book Boutique.
 54869 | Vaults:1 | Found Zizosul's General Store.
 54878 | Vaults:1 | Bought a scroll of enchant weapon for 82 gold pieces
 54878 | Vaults:1 | Bought 11 bolts for 24 gold pieces
 55073 | Vaults:1 | Reached XP level 21. HP: 202/202 MP: 31/31
 55564 | Vaults:2 | Identified Damnaewno's Papyrus of Unstable Orientation
 55861 | Vaults:2 | Found Buofelideg's Weapon Emporium.
 57135 | Vaults:3 | Reached skill level 15 in Invocations
 57799 | Vaults:3 | Found Hifong's Weapon Boutique.
 57876 | Vaults:3 | Found a shimmering altar of Xom.
 58253 | Vaults:3 | Found a staircase to the Crypt.
 58535 | Vaults:4 | Reached skill level 10 in Crossbows
 58870 | Vaults:4 | Reached XP level 22. HP: 94/213 MP: 33/33
 59759 | Vaults:4 | Noticed Boris
 59768 | Vaults:4 | Killed Boris
 59948 | Vaults:4 | Identified the Volume of Transmigration
 60176 | Vaults:4 | Found a transporter.
 60186 | Vaults:4 | Found a transporter.
 60555 | Vaults:4 | Reached skill level 24 in Axes
 60999 | D:9      | Acquired a manual of Invocations
 61006 | D:9      | Acquired the +2 broad axe "Sutafur" {venom, rC+}
 61400 | Orc:2    | Bought a scroll of enchant armour for 97 gold pieces
 61400 | Orc:2    | Bought a scroll of holy word for 97 gold pieces
 61400 | Orc:2    | Bought a scroll of enchant armour for 97 gold pieces
 61400 | Orc:2    | Bought a scroll of teleportation for 39 gold pieces
 61400 | Orc:2    | Bought a scroll of teleportation for 39 gold pieces
 61411 | Orc:2    | Bought a wand of acid (5) for 234 gold pieces
 61411 | Orc:2    | Bought a wand of acid (8) for 312 gold pieces
 61509 | Orc:2    | Bought an uncursed ring of positive energy for 300 gold
                  | pieces
 61753 | Crypt:1  | Entered Level 1 of the Crypt
 63986 | Crypt:3  | Entered Level 3 of the Crypt
 63995 | Crypt:3  | Reached skill level 10 in Armour
 64012 | Crypt:3  | Reached XP level 23. HP: 210/222 MP: 35/35
 64400 | Crypt:3  | Identified the +8 scimitar of Bespelled Offence {protect,
                  | rN++ Dex+3}
 65430 | Crypt:3  | Found a staircase to the Tomb.
 65572 | Crypt:3  | Found an ancient bone altar of Kikubaaqudgha.
 65575 | Crypt:3  | Found a basalt altar of Yredelemnul.
 65582 | Crypt:3  | Identified the Tome of Stolen Souls
 66305 | Elf:3    | Bought a scroll of enchant armour for 105 gold pieces
 66305 | Elf:3    | Bought a scroll of enchant armour for 105 gold pieces
 66305 | Elf:3    | Bought a scroll of holy word for 105 gold pieces
 66305 | Elf:3    | Bought a scroll of identify for 28 gold pieces
 66522 | D:9      | Acquired the ring of Jetuwop {rElec EV+4}
 66705 | Depths:1 | Entered Level 1 of the Depths
 67214 | Depths:1 | Found Oggiteh's Changing Room.
 67230 | Depths:1 | Bought a potion of mutation for 88 gold pieces
 67230 | Depths:1 | Bought a potion of lignification for 33 gold pieces
 67230 | Depths:1 | Bought a potion of lignification for 33 gold pieces
 67290 | Depths:1 | Found the +3 crown of Dyrovepreva {rElec Int+2 SInv}
 67341 | Depths:1 | Found a gateway to Hell.
 67428 | Depths:1 | Reached XP level 24. HP: 225/232 MP: 35/36
 67908 | Depths:1 | Got a translucent broad axe
 68431 | Depths:2 | Found a glowing golden altar of the Shining One.
 69012 | Depths:2 | Reached skill level 25 in Axes
 69293 | Depths:2 | Found a gateway to a ziggurat.
 69811 | Depths:2 | Found a runed translucent door.
 70385 | Depths:3 | Reached XP level 25. HP: 234/240 MP: 37/37
 70738 | Depths:3 | Found a one-way gate leading to the halls of Pandemonium.
 70778 | Depths:3 | Found a magical portal.
 70783 | WizLab   | Entered Lehudib's Moon Base
 70802 | WizLab   | Gained mutation: You are weak. (Str -2) [a neqoxec]
 70809 | WizLab   | Gained mutation: You are clumsy. (Dex -2) [a neqoxec]
 71356 | WizLab   | Gained mutation: You are occasionally teleported next to
                  | monsters. [a cacodemon]
 71369 | WizLab   | Gained mutation: Scrolls take you a little longer to read.
                  | [a cacodemon]
 71408 | WizLab   | Got a pitted hat
 71625 | WizLab   | Found a transporter.
 71641 | WizLab   | Lost intelligence.
 71642 | WizLab   | Gained mutation: You have a pair of small antennae on your
                  | head. [a neqoxec]
 71649 | WizLab   | Gained mutation: You tend to lose your temper in combat. [a
                  | neqoxec]
 71666 | WizLab   | Gained mutation: You are very clumsy. (Dex -4) [a
                  | cacodemon]
 72113 | WizLab   | Found a transporter.
 72182 | WizLab   | Got a slimy lapis lazuli ring
 72231 | WizLab   | Identified Lehudib's Tome of the Unstable Mountains
 72557 | WizLab   | Lost mutation: You are weak. (Str -2) [potion of mutation]
 72557 | WizLab   | Lost mutation: You tend to lose your temper in combat.
                  | [potion of mutation]
 72557 | WizLab   | Lost mutation: You are very clumsy. (Dex -4) [potion of
                  | mutation]
 72557 | WizLab   | Gained mutation: You are somewhat resistant to further
                  | mutation. [potion of mutation]
 72558 | WizLab   | Lost mutation: You are somewhat resistant to further
                  | mutation. [potion of mutation]
 72558 | WizLab   | Lost mutation: You are clumsy. (Dex -2) [potion of
                  | mutation]
 72558 | WizLab   | Lost mutation: Scrolls take you a little longer to read.
                  | [potion of mutation]
 72558 | WizLab   | Gained mutation: You are partially covered in molten
                  | scales. (AC +2) [potion of mutation]
 72558 | WizLab   | Gained mutation: You occasionally shout uncontrollably at
                  | your foes. [potion of mutation]
 72558 | WizLab   | Gained mutation: You are agile. (Dex +2) [potion of
                  | mutation]
 72559 | WizLab   | Lost mutation: You are agile. (Dex +2) [potion of mutation]
 72559 | WizLab   | Lost mutation: You are occasionally teleported next to
                  | monsters. [potion of mutation]
 72559 | WizLab   | Gained mutation: Your flesh is cold resistant. (rC+)
                  | [potion of mutation]
 72559 | WizLab   | Gained mutation: You possess an exceptional clarity of
                  | mind. [potion of mutation]
 72581 | WizLab   | Identified the +5 broad axe of the Vanishing Places
                  | {freeze, rC- Int+5 Stlth+} (You found it on level 1 of the
                  | Depths)
 72582 | WizLab   | Identified the +0 hat of Generosity {rPois rF- Str+2} (You
                  | found it in a wizard's laboratory)
 72583 | WizLab   | Identified the ring of the Jolly Defenders {+Fly MP+9 Str+3
                  | Int+2 Dex-4} (You found it in a wizard's laboratory)
 73192 | Depths:3 | Noticed a juggernaut
 73212 | Depths:3 | Killed a juggernaut
 73224 | Depths:3 | Reached skill level 15 in Armour
 74192 | Depths:4 | Reached XP level 26. HP: 251/251 MP: 37/37
 74206 | Depths:4 | Found a portal to a secret trove of treasure.
 74241 | Depths:4 | Found Fuadoosk's One-of-a-Kind Books.
 74718 | Depths:4 | Found a one-way gate to the infinite horrors of the Abyss.
 75082 | Depths:4 | Found Woungu's Magic Scroll Emporium.
 75087 | Depths:4 | Bought a scroll of magic mapping for 56 gold pieces
 75087 | Depths:4 | Bought a scroll of identify for 32 gold pieces
 75087 | Depths:4 | Bought a scroll of teleportation for 48 gold pieces
 75087 | Depths:4 | Bought a scroll of identify for 32 gold pieces
 75087 | Depths:4 | Bought a scroll of identify for 32 gold pieces
 75087 | Depths:4 | Bought a scroll of magic mapping for 56 gold pieces
 75289 | Depths:5 | Entered Level 5 of the Depths
 76106 | Depths:5 | Noticed Boris
 76122 | Depths:5 | Killed Boris
 76164 | Depths:5 | Found a flickering gateway to a bazaar.
 76173 | Bazaar   | Entered a bazaar
 76173 | Bazaar   | Found Juedas's Book Boutique.
 76173 | Bazaar   | Found Dywi's Magic Scroll Shop.
 76173 | Bazaar   | Found Fokuost's Distillery.
 76173 | Bazaar   | Found Imeumo's General Store.
 76176 | Bazaar   | Bought a potion of mutation for 136 gold pieces
 76176 | Bazaar   | Bought a potion of might for 68 gold pieces
 76176 | Bazaar   | Bought a potion of heal wounds for 85 gold pieces
 76176 | Bazaar   | Bought a potion of cancellation for 136 gold pieces
 76180 | Bazaar   | Bought the ring "Cunetzia" {+Inv rPois rF+ EV+4 Slay+3} for
                  | 1328 gold pieces
 76182 | Bazaar   | Bought a scroll of enchant armour for 105 gold pieces
 76182 | Bazaar   | Bought a scroll of blinking for 105 gold pieces
 76182 | Bazaar   | Bought a scroll of teleportation for 42 gold pieces
 76182 | Bazaar   | Bought a scroll of identify for 28 gold pieces
 76182 | Bazaar   | Bought a scroll of identify for 28 gold pieces
 76197 | Bazaar   | Learned a level 6 spell: Statue Form
 76456 | Depths:5 | Reached skill level 1 in Earth Magic
 76571 | Depths:5 | Got a smoking bronze ring
 76718 | Depths:5 | Found a gate to the Realm of Zot.
 77477 | D:9      | Identified the cursed ring "Kugyo" {rF++ Str-4 Int+3 Dex-3}
                  | (You found it on level 5 of the Depths)
 77661 | Elf:2    | Bought an uncursed ring of resist corrosion for 240 gold
                  | pieces
 77959 | Slime:1  | Entered Level 1 of the Pits of Slime
 77971 | Slime:1  | Reached skill level 1 in Spellcasting
 78104 | Slime:2  | Reached skill level 1 in Transmutations
 78899 | Slime:5  | Entered Level 5 of the Pits of Slime
 78925 | Slime:4  | Reached XP level 27. HP: 219/260 MP: 34/38
 78927 | Slime:4  | Reached skill level 26 in Axes
 79119 | Slime:5  | Noticed the Royal Jelly
 79145 | Slime:5  | Killed the Royal Jelly
 79650 | Slime:5  | Got a faintly glowing glass ring
 79768 | Slime:5  | Got a fine turquoise ring
 79832 | Slime:5  | Got a slimy rune of Zot
 79835 | Slime:5  | Identified Bigiah's Tome of the Blaze and Contamination
 80266 | D:9      | Identified the ring of Reics {Fire MP+9 Str+6 Slay+3
                  | Stlth-} (You found it on level 5 of the Pits of Slime)
 80267 | D:9      | Identified the ring of the Sunfish {+Inv MR+ EV+4 Str+2}
                  | (You found it on level 5 of the Pits of Slime)
 81275 | Depths:3 | Got a glittering turquoise ring
 81298 | Depths:3 | Got a jewelled hand axe
 82481 | Vaults:5 | Entered Level 5 of the Vaults
 82508 | Vaults:5 | Noticed Xtahua
 82734 | Vaults:4 | Paralysed by Xtahua for 3 turns
 82739 | Vaults:4 | Killed Xtahua
 82888 | Vaults:5 | Reached skill level 5 in Earth Magic
 83781 | Vaults:5 | Noticed Boris
 83792 | Vaults:5 | Killed Boris
 83951 | Vaults:5 | Got a glittering steel ring
 84114 | Vaults:5 | Found the +8 orange crystal plate armour {Archmagi, Int+3
                  | Clar}
 84121 | Vaults:5 | Identified the Disquisition on Intoxication and Clay
 84681 | Vaults:5 | Got a silver rune of Zot
 85253 | Depths:4 | Voluntarily entered the Abyss.
 85278 | Abyss:2  | Found a corrupted altar of Lugonu.
 85324 | Abyss:2  | Gained mutation: You are weak. (Str -2) [a neqoxec]
 85325 | Abyss:2  | Gained mutation: Armour fits poorly on your strangely
                  | shaped body. [a neqoxec]
 85468 | Abyss:2  | Reached skill level 5 in Transmutations
 85601 | Abyss:2  | Paralysed by accursed screaming for 1 turns
 85611 | Abyss:3  | Found a corrupted altar of Lugonu.
 85865 | Abyss:3  | Reached skill level 5 in Spellcasting
 86066 | Abyss:3  | Paralysed by accursed screaming for 1 turns
 86072 | Abyss:3  | Paralysed by accursed screaming for 1 turns
 86105 | Abyss:3  | Found a blossoming altar of Fedhas.
 86145 | Depths:4 | Escaped the Abyss
 86587 | Depths:4 | Voluntarily entered the Abyss.
 86755 | Abyss:1  | Reached skill level 15 in Crossbows
 86784 | Depths:4 | Escaped the Abyss
 87103 | Depths:4 | Voluntarily entered the Abyss.
 87305 | Abyss:4  | Got an abyssal rune of Zot
 87313 | Abyss:4  | Found a corrupted altar of Lugonu.
 87429 | Abyss:4  | Paralysed by accursed screaming for 1 turns
 87436 | Abyss:4  | Paralysed by accursed screaming for 1 turns
 87442 | Abyss:4  | Paralysed by accursed screaming for 1 turns
 87456 | Depths:4 | Escaped the Abyss
 87860 | Depths:4 | Lost mutation: You occasionally shout uncontrollably at
                  | your foes. [potion of mutation]
 87860 | Depths:4 | Lost mutation: You are weak. (Str -2) [potion of mutation]
 87860 | Depths:4 | Lost mutation: You possess an exceptional clarity of mind.
                  | [potion of mutation]
 87860 | Depths:4 | Gained mutation: You are dopey. (Int -2) [potion of
                  | mutation]
 87860 | Depths:4 | Gained mutation: You evolve. [potion of mutation]
 87860 | Depths:4 | Lost mutation: You are dopey. (Int -2) [potion of mutation]
 87860 | Depths:4 | Gained mutation: You rapidly evolve. [potion of mutation]
 87861 | Depths:4 | Lost mutation: You rapidly evolve. [potion of mutation]
 87861 | Depths:4 | Lost mutation: Your flesh is cold resistant. (rC+) [potion
                  | of mutation]
 87861 | Depths:4 | Lost mutation: Armour fits poorly on your strangely shaped
                  | body. [potion of mutation]
 87861 | Depths:4 | Lost mutation: You are partially covered in molten scales.
                  | (AC +2) [potion of mutation]
 87861 | Depths:4 | Gained mutation: Your spells are a little harder to cast,
                  | but a little more powerful. [potion of mutation]
 87861 | Depths:4 | Gained mutation: Scrolls take you a little longer to read.
                  | [potion of mutation]
 87861 | Depths:4 | Gained mutation: Your muscles are strong. (Str +2) [potion
                  | of mutation]
 87862 | Depths:4 | Lost mutation: Scrolls take you a little longer to read.
                  | [potion of mutation]
 87862 | Depths:4 | Lost mutation: Your spells are a little harder to cast, but
                  | a little more powerful. [potion of mutation]
 87862 | Depths:4 | Lost mutation: You have a pair of small antennae on your
                  | head. [potion of mutation]
 87862 | Depths:4 | Lost mutation: Your muscles are strong. (Str +2) [potion of
                  | mutation]
 87862 | Depths:4 | Gained mutation: You have a pair of small antennae on your
                  | head. [potion of mutation]
 87900 | Depths:4 | Learned a level 3 spell: Frozen Ramparts
 87904 | Depths:4 | Learned a level 3 spell: Portal Projectile
 87907 | Depths:4 | Learned a level 2 spell: Blink
 87970 | Zot:1    | Entered Level 1 of the Realm of Zot
 88022 | Zot:1    | Reached skill level 1 in Translocations
 88022 | Zot:1    | Reached skill level 1 in Ice Magic
 88312 | Zot:1    | Noticed an orb of fire
 88346 | Zot:1    | Reached skill level 1 in Hexes
 89124 | Zot:1    | Identified the cursed ring "Fiodud" {rC+ EV-4 Int+3 Dex+5}
 89359 | Zot:1    | Found a transporter.
 89359 | Zot:1    | Found a transporter.
 89843 | Zot:2    | Reached skill level 27 in Axes
 90512 | Zot:2    | Reached skill level 5 in Ice Magic
 91151 | Zot:3    | Noticed an orb of fire
 91160 | Zot:3    | Gained mutation: You are resistant to hostile enchantments.
                  | (MR+) [an orb of fire]
 91169 | Zot:3    | Killed an orb of fire
 92686 | Zot:4    | Reached skill level 5 in Hexes
 92698 | Zot:4    | Noticed an orb of fire
 92701 | Zot:4    | Gained mutation: You are frail. (-10% HP) [an orb of fire]
 92703 | Zot:4    | Gained mutation: Scrolls take you a little longer to read.
                  | [an orb of fire]
 92709 | Zot:4    | Killed an orb of fire
 93371 | Zot:5    | Entered Level 5 of the Realm of Zot
 93825 | Swamp:2  | Killed Ypsiuj's ghost
 93836 | Swamp:2  | Killed Melum's ghost
 93840 | Swamp:2  | Killed Pajeoledgh's ghost
 94496 | Zot:5    | Noticed an ancient lich
 94497 | Zot:5    | Reached skill level 5 in Translocations
 94498 | Zot:5    | Noticed an orb of fire
 94498 | Zot:5    | Noticed an ancient lich
 94507 | Zot:5    | Killed an ancient lich
 94514 | Zot:5    | Gained mutation: You are very frail. (-20% HP) [an orb of
                  | fire]
 94523 | Zot:5    | Gained mutation: Your magical capacity is low. (-10% MP)
                  | [an orb of fire]
 94524 | Zot:5    | Killed an orb of fire
 94529 | Zot:5    | Noticed an orb of fire
 94530 | Zot:5    | Killed an ancient lich
 94561 | Zot:5    | Gained mutation: You are dopey. (Int -2) [an orb of fire]
 94564 | Zot:5    | Killed an orb of fire
 95150 | Zot:5    | Noticed an orb of fire
 95154 | Zot:5    | Gained mutation: You are extremely frail. (-30% HP) [an orb
                  | of fire]
 95156 | Zot:5    | Reached skill level 10 in Earth Magic
 95156 | Zot:5    | Gained mutation: Armour fits poorly on your strangely
                  | shaped body. [an orb of fire]
 95159 | Zot:5    | Noticed an orb of fire
 95162 | Zot:5    | Gained mutation: Your spells are a little easier to cast,
                  | but a little less powerful. [an orb of fire]
 95174 | Zot:5    | Gained mutation: You occasionally shout uncontrollably at
                  | your foes. [an orb of fire]
 95177 | Zot:5    | Killed an orb of fire
 95182 | Zot:5    | Gained mutation: Your magical capacity is very low. (-20%
                  | MP) [an orb of fire]
 95186 | Zot:5    | Killed an orb of fire
 95730 | Zot:5    | Noticed an orb of fire
 95751 | Zot:5    | Gained mutation: Your magical capacity is extremely low.
                  | (-30% MP) [an orb of fire]
 95752 | Zot:5    | Killed an orb of fire
 95902 | Zot:5    | Noticed an orb of fire
 95917 | Zot:5    | Killed an orb of fire
 95920 | Zot:5    | Noticed an orb of fire
 95921 | Zot:5    | Gained mutation: You sometimes yell uncontrollably at your
                  | foes. [an orb of fire]
 95925 | Zot:5    | Gained mutation: Scrolls take you longer to read. [an orb
                  | of fire]
 95927 | Zot:5    | Gained mutation: Your body sometimes deteriorates upon
                  | taking damage. [an orb of fire]
 95928 | Zot:5    | Gained mutation: Your spells are easier to cast, but less
                  | powerful. [an orb of fire]
 95951 | Zot:5    | Killed an orb of fire
 96102 | Zot:5    | Noticed an orb of fire
 96123 | Zot:5    | Killed an orb of fire
 96437 | Zot:5    | Gained mutation: You are occasionally teleported next to
                  | monsters. [mutagenic glow]
 96470 | Zot:5    | Noticed an ancient lich
 96481 | Zot:5    | Killed an ancient lich
 96483 | Zot:5    | Lost mutation: Armour fits poorly on your strangely shaped
                  | body. [mutagenic glow]
 96507 | Zot:5    | Lost mutation: You sometimes yell uncontrollably at your
                  | foes. [mutagenic glow]
 96521 | Zot:5    | Gained mutation: You are sometimes teleported next to
                  | monsters. [mutagenic glow]
 96531 | Zot:5    | Gained mutation: You are very dopey. (Int -4) [mutagenic
                  | glow]
 96540 | Zot:5    | Gained mutation: You are clumsy. (Dex -2) [mutagenic glow]
 96550 | Zot:5    | Gained mutation: Your spells are much easier to cast, but
                  | much less powerful. [mutagenic glow]
 97016 | Zot:5    | Lost mutation: You evolve. [potion of mutation]
 97016 | Zot:5    | Lost mutation: Scrolls take you longer to read. [potion of
                  | mutation]
 97016 | Zot:5    | Lost mutation: You occasionally shout uncontrollably at
                  | your foes. [potion of mutation]
 97016 | Zot:5    | Lost mutation: You are extremely frail. (-30% HP) [potion
                  | of mutation]
 97016 | Zot:5    | Lost mutation: You are very frail. (-20% HP) [potion of
                  | mutation]
 97016 | Zot:5    | Lost mutation: You are frail. (-10% HP) [potion of
                  | mutation]
 97016 | Zot:5    | Gained mutation: You can translocate small distances at
                  | will. [potion of mutation]
 97017 | Zot:5    | Lost mutation: Your spells are much easier to cast, but
                  | much less powerful. [potion of mutation]
 97017 | Zot:5    | Lost mutation: You are very dopey. (Int -4) [potion of
                  | mutation]
 97017 | Zot:5    | Lost mutation: Scrolls take you a little longer to read.
                  | [potion of mutation]
 97017 | Zot:5    | Gained mutation: You have sharp fingernails. [potion of
                  | mutation]
 97018 | Zot:5    | Lost mutation: You are dopey. (Int -2) [potion of mutation]
 97018 | Zot:5    | Lost mutation: You are sometimes teleported next to
                  | monsters. [potion of mutation]
 97018 | Zot:5    | Lost mutation: Your spells are easier to cast, but less
                  | powerful. [potion of mutation]
 97018 | Zot:5    | Lost mutation: Your magical capacity is extremely low.
                  | (-30% MP) [potion of mutation]
 97018 | Zot:5    | Gained mutation: Your body often deteriorates upon taking
                  | damage. [potion of mutation]
 97018 | Zot:5    | Gained mutation: You passively map a small area around you.
                  | [potion of mutation]
 97019 | Zot:5    | Lost mutation: Your spells are a little easier to cast, but
                  | a little less powerful. [potion of mutation]
 97019 | Zot:5    | Lost mutation: Your magical capacity is very low. (-20% MP)
                  | [potion of mutation]
 97019 | Zot:5    | Lost mutation: You have sharp fingernails. [potion of
                  | mutation]
 97019 | Zot:5    | Lost mutation: You are occasionally teleported next to
                  | monsters. [potion of mutation]
 97019 | Zot:5    | Lost mutation: You are clumsy. (Dex -2) [potion of
                  | mutation]
 97019 | Zot:5    | Lost mutation: You are resistant to hostile enchantments.
                  | (MR+) [potion of mutation]
 97019 | Zot:5    | Gained mutation: You have a pair of antennae on your head.
                  | [potion of mutation]
 97571 | Zig:1    | Entered Level 1 of a ziggurat
 97594 | Zig:2    | Entered Level 2 of a ziggurat
 97620 | Zig:2    | Identified Sif Muna's Handbook of Supportive Evil Arts
 97626 | Zig:3    | Entered Level 3 of a ziggurat
 97879 | Zig:4    | Entered Level 4 of a ziggurat
 97888 | Zig:4    | Paralysed by accursed screaming for 1 turns
 97920 | Zig:5    | Entered Level 5 of a ziggurat
 97971 | Zig:6    | Entered Level 6 of a ziggurat
 97974 | Zig:6    | Noticed a greater mummy
 97974 | Zig:6    | Noticed a greater mummy
 97988 | Zig:6    | Killed a greater mummy
 97991 | Zig:6    | Killed a greater mummy
 98081 | Zig:7    | Entered Level 7 of a ziggurat
 98088 | Zig:7    | Found the +10 zealot's sword {holy, *Rage rN+ EV+3}
 98094 | Zig:7    | Reached skill level 10 in Ice Magic
 98258 | Zig:8    | Entered Level 8 of a ziggurat
 98508 | Zig:9    | Entered Level 9 of a ziggurat
 98537 | Zig:9    | HP: 16/402 [Ice Fiend (11)]
 98544 | Zig:9    | HP: 3/402 [reaper/+1 vorpal scythe (19)]
 99007 | Zig:9    | Reached skill level 1 in Throwing
 99007 | Zig:9    | Reached skill level 1 in Unarmed Combat
 99010 | Zig:9    | Lost mutation: Your body often deteriorates upon taking
                  | damage. [potion of mutation]
 99010 | Zig:9    | Lost mutation: Your body sometimes deteriorates upon taking
                  | damage. [potion of mutation]
 99010 | Zig:9    | Lost mutation: You have a pair of antennae on your head.
                  | [potion of mutation]
 99010 | Zig:9    | Lost mutation: You have a pair of small antennae on your
                  | head. [potion of mutation]
 99010 | Zig:9    | Gained mutation: You are frail. (-10% HP) [potion of
                  | mutation]
 99010 | Zig:9    | Gained mutation: Your spells are a little harder to cast,
                  | but a little more powerful. [potion of mutation]
 99017 | Zig:10   | Entered Level 10 of a ziggurat
 99045 | Zig:10   | Found the macabre finger necklace {rN+}
 99095 | Zig:11   | Entered Level 11 of a ziggurat
 99152 | Zig:11   | Got a coiled granite ring
 99181 | Zig:12   | Entered Level 12 of a ziggurat
 99187 | Zig:12   | Noticed an ancient lich
 99203 | Zig:12   | Killed an ancient lich
 99284 | Zig:12   | Got a glittering steel ring
 99309 | Zig:12   | Got a masterwork battleaxe
 99319 | Zig:12   | Reached skill level 1 in Long Blades
 99319 | Zig:12   | Reached skill level 15 in Dodging
 99357 | Depths:2 | Identified the ring of Generosity {rN+ rCorr} (You found it
                  | on level 12 of a ziggurat)
 99358 | Depths:2 | Identified the ring "Tonadeo" {Fire rN+} (You found it on
                  | level 11 of a ziggurat)
 99359 | Depths:2 | Identified the +5 battleaxe of Lulaskes {protect, rPois
                  | rC++ SInv Stlth+} (You found it on level 12 of a ziggurat)
 99610 | D:9      | Identified the +6 hand axe "Orb Guardian's Bane" {speed,
                  | Dex+2} (You found it on level 3 of the Depths)
 99633 | D:9      | Identified the cursed ring of Arrival {Int+7 Dex-4 Stlth-}
                  | (You found it on level 3 of the Depths)
 99634 | D:9      | Identified the ring of Ruvok {*Tele rPois} (You found it on
                  | level 5 of the Vaults)
100421 | Vaults:3 | Bought the +7 battleaxe "Mutuk" {antimagic, +Fly} for 826
                  | gold pieces
100720 | Hell     | Entered the Vestibule of Hell
100720 | Hell     | Noticed Geryon
102316 | Hell     | Killed Geryon
102406 | Hell     | Found a gateway to the ashen valley of Gehenna.
102470 | Hell     | Found a gateway to the decaying netherworld of Tartarus.
102602 | Hell     | Found a gateway to the Iron City of Dis.
102662 | Hell     | Found a gateway to the freezing wastes of Cocytus.
102921 | Geh:1    | Entered Level 1 of Gehenna
105061 | Geh:2    | Reached skill level 10 in Hexes
106370 | Geh:7    | Entered Level 7 of Gehenna
107519 | Geh:6    | Reached skill level 10 in Transmutations
108442 | Geh:7    | Identified the +5 great sword of Yrgheub {venom, rElec rN+
                  | Str+2}
108909 | Geh:7    | Got a steaming scale mail
109041 | Geh:7    | Identified the Compendium of Flight and the Escort
109571 | Geh:7    | Identified the +7 sceptre of Asmodeus
109571 | Geh:7    | Noticed Asmodeus
109626 | Geh:7    | HP: 2/243 [hellion/damnation[Asmodeus] (30)]
109635 | Geh:7    | HP: 10/243 [Asmodeus/the +7 sceptre of Asmodeus (22)]
109643 | Geh:7    | HP: 11/243 [Asmodeus/damnation (28)]
109647 | Geh:7    | Killed from afar by a hellion

Illustrated notes

Levels and vault maps discovered:
D:1:      psy_arrival_statuary, layout_loops_corners
D:2:      layout_basic, uniq_robin
D:3:      layout_basic, lemuel_doored_altar, gup_sewer_entry_spiral,
          minmay_misc_feat_pillars, makhleb_blood_cavern_becter,
          uniq_crazy_yiuf_cottage
D:4:      minmay_octagon_keep, layout_basic, lemuel_zombie_altar_kikubaaqudgha,
          cheibrodos_ashenzari_chains
D:5:      lemuel_insect_pit, layout_loops_ring, small_statue_intersection
D:6:      layout_basic, minmay_temple_entry_butterflies, fedhas_altar_fruit_tree
D:7:      layout_loops_cross, grunt_temple_overflow_open,
          gammafunk_ghost_berserking_beasts, uniq_menkaure
D:8:      layout_rooms, overflow_temple_1_default, lemuel_crystal_altar
D:9:      layout_stronghold, kennysheep_little_box, david_lair_generic,
          basic_altar, serial_shops, shop, roderic_malta_cross
D:10:     layout_small_grid
D:11:     layout_cave_pools, minmay_ruined_shrine, uniq_nergalle, uniq_erolcha
D:12:     layout_roguey, orc_0_dummy, basic_altar, uniq_fannar
D:13:     layout_loops_ring, gauntlet_entry_generic,
          portal_ice_cave_demonic_guard, feat_on_display, uniq_jorgrun
D:14:     cheibrodos_ideogram_h, layout_loops_ring, erik_vaults_1, minivault_4,
          kennysheep_another_room, sword_in_stone
D:15:     grunt_enter_depths_hoard, layout_basic, grunt_dithmenos_shadows,
          uniq_azrael
Lair:1:   layout_small_grid, grunt_megastairs_1, lemuel_fruit_fields,
          uniq_maggie
Lair:2:   layout_hall_layers, skrybe_swamp_entry_bodies,
          nicolae_volcano_entry_vermiform, grunt_megastairs_2,
          lemuel_fruit_tree, serial_bayou_shore_a
Lair:3:   layout_small_grid, st_stairs_4, chequers_serial_rivers_large_b, pond,
          grunt_megastairs_3
Lair:4:   layout_cave_pods, dummy_snake_entry, lookout_lair_type
Lair:5:   nzn_motion_control, layout_regular_city,
          dpeg_slime_entry_enclosed_altar
Lair:6:   hangedman_lair_in_review, layout_misc_corridors, wormcave
Swamp:1:  layout_falls_marsh, infiniplex_staircase_pool, swamp_pool5
Swamp:2:  layout_falls_marsh, gammafunk_ghost_cemetery, basic_altar, swamp_pool2
Swamp:3:  layout_basic_swamp, nicolae_swamp_rocky_clearing
Swamp:4:  swamp_basic_johnstein, layout_basic_swamp
Snake:1:  layout_onion_interference
Snake:2:  layout_rooms, basic_altar, grunt_ministairs_5
Snake:3:  layout_rooms, uniq_aizul
Snake:4:  snake_pit, layout_cave_shapes, serial_shops,
          nicolae_shop_window_shopping, fake_guardian_serpent_vault
Slime:1:  layout_caves
Slime:2:  layout_caves
Slime:3:  layout_caves
Slime:4:  layout_caves
Slime:5
Orc:1:    emtedronai_trogs_sanctum, layout_caves
Orc:2:    st_orc_town, layout_diamond_mine, ebering_ghost_gozag, serial_shops,
          nicolae_shop_waterfront
Elf:1:    layout_geoelf_octagon, hangedman_elf_represent
Elf:2:    layout_gridlike, roderic_three_in_a_row, minmay_shop_grove,
          lemuel_elevator, uniq_saint_roka, uniq_asterion, uniq_agnes
Elf:3:    minmay_elf_hall, layout_rooms, serial_shops, shop,
          ebering_ghost_inner_flame
Vaults:1: vaults_room_grunt_arrival_ludios, vaults_dpeg_hooks,
          hangedman_vaults_corner, nicolae_vaults_twisting_passages,
          vaults_room_fancy_cross, vaults_standard_mumra_enter_the_diamond,
          hangedman_vaults_corner_blocks, hangedman_vaults_corner_blocks,
          layout_vaults_omnigrid, serial_shops, shop_statue, shop
Vaults:2: vaults_standard_mumra_enter_the_diamond, hangedman_vaults_snaps,
          vaults_mumra_chevron, vaults_room_hangedman_quadrants,
          nicolae_vaults_back_hallway, grunt_vaults_bifocal,
          hangedman_vaults_stretched_pinwheel, hangedman_vaults_capsules,
          ontoclasm_vaults_gateway, ontoclasm_vaults_chip,
          ontoclasm_vaults_shuriken, layout_vaults_chaotic_city, serial_shops,
          nicolae_shop_stone
Vaults:3: v_rooms_1, vaults_room_fancy_cross, minmay_crypt_entry_simple_box,
          nicolae_vaults_circle_grid_a, vaults_room_fancy_cross,
          vaults_room_stairs_pillars, vaults_mumra_minichess,
          nicolae_vaults_little_squares_6, v_pattern_4, ontoclasm_vaults_pinch,
          vaults_standard_mumra_enter_the_diamond, vaults_room_grid,
          vaults_room_hallway, layout_vaults_omnibox, serial_shops,
          nicolae_shop_stone, basic_altar
Vaults:4: nicolae_vaults_what_the_h, vaults_room_fours, gammafunk_sealed_arena,
          vaults_dpeg_diagonal, ontoclasm_vaults_ring_large,
          nicolae_vaults_rhombus_6, v_misc_26, nicolae_vaults_shelves_hall,
          nicolae_vaults_little_squares_4, v_misc_23, v_alt_pattern_2,
          v_pattern_2, ontoclasm_vaults_hangar, v_misc_32, vaults_room_pools,
          nicolae_vaults_asterisk, layout_vaults_ring, uniq_boris
Vaults:5: uniq_xtahua
Crypt:1:  layout_gridlike, grunt_crypt_arrival_webbed
Crypt:2:  layout_basic, grunt_ministairs_7, minivault_23
Crypt:3:  lightli_unholy_cathedral, layout_chaotic_city,
          nicolae_tomb_entry_unfolded_pyramid_diagonal
Depths:1: hourglass_vault, layout_cave_pools, nrook_pool_corridor,
          hangedman_coc_ice_floe, kennysheep_donut, nicolae_transmutations_shop,
          grunt_ministairs_8
Depths:2: cheibrodos_spurs, layout_basic, enter_ziggurat_e, hell_entry,
          tso_metal_star, minmay_hidden_floor, firewood_loft
Depths:3: minmay_nine_rooms, layout_cave_pools, infiniplex_enter_wizlab_spiral,
          grunt_mini_vestibule, kennysheep_doodads, grunt_pan_entry_spiral
Depths:4: hangedman_screamer, layout_cave_pools, serial_bayou_pond_c,
          nicolae_abyss_entry_one_way_or_another, enter_trove_1,
          grunt_hell_entry_dis_mu, serial_shops, shop, nicolae_rare_books,
          kennysheep_minor_cross, nrook_mini_vaults, infiniplex_staircase_pool_1
Depths:5: grunt_twist_and_shout, layout_small_grid, serial_sigils,
          serial_sigils_hangedman_scratch, serial_sigils_hangedman_quiver,
          serial_sigils_hangedman_gut, serial_sigils_hangedman_shear,
          serial_sigils_hangedman_shear, serial_sigils_hangedman_carve,
          serial_shops, bzr_entry_customers, hell_entry,
          minmay_tree_intersection
Hell
Geh:1:    layout_gehenna_pools_basic
Geh:2:    layout_gehenna_lava_caves, nicolae_geh_amphitheater
Geh:3:    layout_gehenna_pools_basic
Geh:4:    layout_gehenna_pools_triple
Geh:5:    layout_gehenna_pools_box
Geh:6:    layout_gehenna_lava_caves
Geh:7:    geh_grunt
Zot:1:    gammafunk_the_bubble [the_bubble_gammafunk_split],
          layout_cathedral_of_symmetry, zot_minivault_1
Zot:2:    layout_gridlike, grunt_ministairs_9
Zot:3:    layout_misc_corridors, lemuel_elevator
Zot:4:    layout_onion_interference
Zot:5:    layout_twisted_circle

Skill      XL: |  1  2  3  4  5  6  7  8  9 10 11 12 13 14 15 16 17 18 19 20 21 22 23 24 25 26 27 |
---------------+----------------------------------------------------------------------------------+-----
Fighting       | 4 5 6 8 9 10 12 13 15 17 18 19 20 21 22 23 26 | 26.7
Dodging        | 3 4 5 6 7 8 9 10 11 12 13 15 | 15.8
Axes           | 5 6 7 9 11 12 14 16 18 19 20 21 22 23 24 25 27 | 27.0
Stealth        | 2 |  2.0
Armour         | 1 2 3 4 6 7 8 10 12 14 15 20 | 20.1
Invocations    | 3 5 6 7 8 9 11 13 14 15 17 18 20 21 22 25 | 25.4
Crossbows      | 1 4 5 6 7 8 10 11 12 13 17 | 17.4
Shields        | 5 9 11 12 14 15 16 17 18 19 20 25 | 25.0
Evocations     | 1 4 6 7 |  7.9
Maces & Flails | 1 |  1.7
Earth Magic    | 2 12 | 12.7
Spellcasting   | 1 8 |  8.0
Transmutations | 1 10 | 10.3
Translocations | 8 |  8.2
Ice Magic      | 11 | 11.1
Hexes          | 11 | 11.2
Throwing       | 1 |  1.6
Unarmed Combat | 2 |  2.0
Long Blades    | 1 |  1.5

Action                   |  1- 3 |  4- 6 |  7- 9 | 10-12 | 13-15 | 16-18 | 19-21 | 22-24 | 25-27 || total
-------------------------+-------+-------+-------+-------+-------+-------+-------+-------+-------++-------
Melee: Hand axe          |   116 |    32 |       |       |       |       |       |       |       ||   148
       War axe           |       |   183 |   352 |   433 |       |       |       |       |       ||   968
       Broad axe         |       |       |       |   118 |  1000 |  1304 |   927 |  1455 |  4449 ||  9253
       Executioner's axe |       |       |       |       |       |     3 |       |       |       ||     3
       Whip              |       |       |       |       |       |    45 |       |       |       ||    45
 Fire: Hand crossbow     |       |       |       |    23 |    95 |    80 |   262 |    97 |   191 ||   748
 Cast: Frozen Ramparts   |       |       |       |       |       |       |       |       |     1 ||     1
Invok: Upheaval          |       |       |     5 |    11 |    11 |     4 |     2 |     3 |    13 ||    49
       Elemental Force   |       |       |       |     1 |       |     2 |     1 |       |    10 ||    14
       Disaster Area     |       |       |       |       |       |       |     3 |     6 |    26 ||    35
 Abil: Evoke Berserk Rag |       |       |       |       |       |       |     3 |       |       ||     3
Evoke: Wand              |       |       |       |       |     7 |       |       |       |     3 ||    10
       Condenser vane    |       |       |       |       |       |       |       |       |     1 ||     1
  Use: Scroll            |     6 |     1 |     3 |    22 |    12 |    10 |    15 |    15 |    31 ||   115
       Potion            |       |       |       |       |     1 |       |     5 |     5 |    88 ||    99
 Stab: Sleeping          |     3 |       |     3 |       |       |       |       |       |       ||     6
       Distracted        |       |       |       |     1 |     1 |     1 |       |       |     1 ||     4
       Confused          |       |       |       |       |       |     4 |       |       |     1 ||     5
Armor: Robe              |    44 |    24 |       |       |       |       |       |       |       ||    68
       Leather armour    |       |    68 |   123 |    76 |   305 |   294 |    96 |     6 |       ||   968
       Ring mail         |       |       |       |    99 |       |       |       |       |       ||    99
       Plate armour      |       |       |       |       |       |       |       |   324 |  1156 ||  1480
       Skin              |       |       |       |       |       |       |       |       |    40 ||    40
Dodge: Dodged            |    94 |   164 |   175 |   306 |   550 |   509 |   215 |   230 |  1291 ||  3534
       Repelled          |       |       |       |     1 |     7 |    44 |    17 |    14 |    82 ||   165
Block: Other             |       |       |    43 |   106 |   162 |       |       |       |       ||   311
       Kite shield       |       |       |       |       |   224 |  1305 |   799 |    91 |       ||  2419
       Tower shield      |       |       |       |       |       |       |       |  1526 |  6018 ||  7544

Table legend: (Time is in decaauts)
 A = Elapsed time spent in this place.
 B = Non-inter-level travel time spent in this place.
 C = Inter-level travel time spent in this place.
 D = Time resting spent in this place.
 E = Time spent auto-exploring this place.
 F = Levels seen in this place.
 G = Mean time per level.
                   A        B        C        D        E       F      G
               +--------+--------+--------+--------+--------+-----+--------+
         Total | 108334 |  92778 |  15556 |  25473 |  46643 |  89 | 1217.2 |
       Dungeon |  23871 |  18227 |   5644 |   3133 |  11545 |  15 | 1591.4 |
          Lair |  12379 |  11027 |   1352 |   2785 |   6583 |   6 | 2063.2 |
         Swamp |   5744 |   5184 |    560 |   1245 |   2901 |   4 | 1436.0 |
     Snake Pit |   3836 |   3704 |    132 |   1273 |   1743 |   4 |  959.0 |
    Slime Pits |   2081 |   1948 |    133 |    753 |    865 |   5 |  416.2 |
  Orcish Mines |   5575 |   4638 |    937 |   2551 |   1215 |   2 | 2787.5 |
   Elven Halls |   6154 |   4930 |   1224 |   1586 |   2097 |   3 | 2051.3 |
        Vaults |  11638 |   9448 |   2190 |   2408 |   5289 |   5 | 2327.6 |
         Crypt |   4011 |   3507 |    504 |    487 |   2072 |   3 | 1337.0 |
        Depths |  11477 |   9845 |   1632 |   3576 |   4304 |   5 | 2295.4 |
          Hell |   2505 |   2380 |    125 |   1756 |    384 |   1 | 2505.0 |
       Gehenna |   4549 |   4079 |    470 |    915 |   1036 |   7 |  649.9 |
           Zot |   8122 |   7472 |    650 |   2097 |   4003 |   5 | 1624.4 |
         Abyss |   1270 |   1270 |      0 |      0 |    135 |   8 |  158.8 |
      Ziggurat |   1698 |   1698 |      0 |    379 |    735 |  12 |  141.5 |
        Bazaar |     28 |     28 |      0 |      0 |      0 |   1 |   28.0 |
         Sewer |   1137 |   1137 |      0 |    431 |    435 |   1 | 1137.0 |
      Ice Cave |    476 |    476 |      0 |      0 |    201 |   1 |  476.0 |
        Wizlab |   1776 |   1776 |      0 |     96 |   1097 |   1 | 1776.0 |
               +--------+--------+--------+--------+--------+-----+--------+

Top non-repeatable levels by time:
Vaults:4: 3304 daAuts
     D:9: 3173 daAuts
   Orc:1: 3162 daAuts
Depths:2: 2981 daAuts
Depths:4: 2740 daAuts
    D:15: 2614 daAuts
   Zot:5: 2603 daAuts
Vaults:1: 2580 daAuts
  Lair:4: 2573 daAuts
    Hell: 2505 daAuts
Vaults:3: 2477 daAuts
   Orc:2: 2412 daAuts
    D:14: 2363 daAuts
Depths:1: 2295 daAuts
   Elf:3: 2286 daAuts
